[Event "Live Chess"]
[Site "Chess.com"]
[Date "2023.10.28"]
[Round "?"]
[White "Gazik, Viktor"]
[Black "Budisavljevic, Luka"]
[Result "1-0"]
[WhiteElo "2927"]
[BlackElo "2753"]
[ECO "C00"]
[EventDate "2023.??.??"]
[Annotator "rafael"]
[PlyCount "45"]
[Beauty "8247683376670"]
[EventType "game"]
[TimeControl "300+2"]

1.e4 e6 2.d3 {The King's Indian Attack is always an interesting option in a blitz game.} 2...d5 3.Nd2 c5 4.Ngf3 Nc6 5.g3 Nf6 6.Bg2 Be7 7.O-O O-O 8.Re1 b5 {This is the main variation of the King's Indian Attack and the play is very characteristic, with well-defined plans for both sides after the center is closed with e4-e5.} 9.e5 ( 9.exd5 $5 {[%c_effect d5;square;d5;type;Interesting;persistent;true] is a more sophisticated way of playing and has been tried by strong grandmasters.} ) 9...Nd7 10.Nf1 a5 11.h4 h6 {I don't really like this move, as I prefer to wait for White to play h4-h5. Perhaps the intention was to prevent Bc1-g5, but that's not so dangerous.} ( 11...b4 ) 12.N1h2 Re8 $1 {[%c_effect e8;square;e8;type;GreatFind;persistent;true] A prophylactic and thematic move, the idea of which is to bring the bishop to f8, securing the h6-pawn against possible sacrifices.} 13.Ng4 Bf8 14.c4 $5 {[%c_effect c4;square;c4;type;Interesting;persistent;true] This is a new move.} ( 14.Bf4 {had been played before.} ) 14...bxc4 15.dxc4 Nb6 $2 {[%c_effect b6;square;b6;type;Mistake;persistent;true] A fatal mistake. The knight was needed on d7 to defend the f6-square.} ( 15...Bb7 {is possible. The position remains complicated and with chances for both sides after} 16.cxd5 exd5 17.Bf4 ) 16.Bxh6 $1 {[%c_effect h6;square;h6;type;GreatFind;persistent;true] The sacrifice on h6 appears anyway, even with Black's bishop on f8.} 16...dxc4 ( 16...gxh6 $2 {[%c_effect h6;square;h6;type;Mistake;persistent;true] loses to} 17.Nf6+ Kg7 18.Qc2 {Threatening 19.Qh7 mate.} ) ( 16...Nxc4 {is another try, but the attack is decisive after} 17.Bg5 ) 17.Bd2 {A simple and good move. Without the h6-pawn, Black cannot defend the position. White only has to stack the pieces up against the black king.} 17...Bb7 18.Ng5 Be7 19.Nxf7 $1 {[%c_effect f7;square;f7;type;GreatFind;persistent;true] A pretty final sacrifice.} 19...Kxf7 20.Nh6+ gxh6 21.Qh5+ Kg8 22.Qg6+ Kh8 23.Be4 {White mates on the next move.} 1-0

[Event "U.S. Championship 2023"]
[Site "Chess.com"]
[Date "2023.10.05"]
[Round "2"]
[White "Sevian, Samuel"]
[Black "Niemann, Hans Moke"]
[Result "0-1"]
[WhiteElo "2698"]
[BlackElo "2667"]
[ECO "E05"]
[EventDate "2023.??.??"]
[Annotator "rafael"]
[PlyCount "128"]
[Beauty "6118587500105"]
[EventType "game"]
[TimeControl "5400+30"]

1.d4 Nf6 2.c4 e6 3.g3 d5 4.Bg2 Be7 5.Nf3 O-O 6.O-O dxc4 7.Qa4 a6 8.Qxc4 b5 9.Qc2 Bb7 10.Bd2 Ra7 {This move is much rarer than 10...Be4, but it hardly came as a surprise to Sevian, as Niemann had played it in 2023. This is a subtle move that delays the development of the knight, and the rook on a7 fulfills its function by defending the c7-pawn and freeing the a8-square for the queen, which will be useful after Nbd7.} ( 10...Be4 ) 11.a4 {Black will quickly get a great position, so possibly this move is not the most accurate.} ( 11.Rd1 {was Duda's choice, but Black achieved an excellent position after} 11...Nbd7 12.Ba5 Qa8 13.Qxc7 Rc8 14.Qf4 Rc2 {in Duda-Niemann, AI Cup rapid 2023.} ) ( 11.Rc1 {is an important move with a lot of theory after} 11...Be4 ) 11...b4 12.Bg5 Nbd7 13.Nbd2 Qa8 $1 {[%c_effect a8;square;a8;type;GreatFind;persistent;true] This is one of the ideas of 10...Ra7. The queen goes to a8, and the other rook can come to c8, supporting the thematic c7-c5 advance.} 14.Ne1 $6 {[%c_effect e1;square;e1;type;Inaccuracy;persistent;true] A new move.} ( 14.Rac1 h6 15.Bxf6 Bxf6 {with an equal position in Ronat-Zakharov, ICCF email 2014.} ) 14...Bxg2 15.Nxg2 c5 $1 {[%c_effect c5;square;c5;type;GreatFind;persistent;true] Black's position is already more comfortable.} 16.Bxf6 gxf6 {White can always try to bother the kingside after this capture, so it's preferable to take it with the bishop.} ( 16...Bxf6 $1 17.dxc5 Rc8 ) 17.Nb3 ( 17.dxc5 {is simpler with an equal position after} 17...Nxc5 18.Nb3 ) 17...cxd4 18.Rac1 $1 {[%c_effect c1;square;c1;type;GreatFind;persistent;true] Controlling the c-file.} ( 18.Nxd4 $6 Rc8 {with the initiative for Black.} ) 18...Ne5 19.Nxd4 Rd8 20.Nb3 Rad7 21.Nf4 {The position is more or less balanced, but Niemann will show a fighting spirit to try to unbalance the game and fight for victory.} 21...Kg7 $5 22.Nh5+ $6 {[%c_effect h5;square;h5;type;Inaccuracy;persistent;true] This is an almost irresistible check, but it doesn't help White's position.} 22...Kh6 {A curious square for the king, but White can't exploit it.} 23.Nf4 f5 24.Ng2 {Sevian was probably worried about the move Be7-g5.} 24...Kg7 25.Qb1 {This move is a bad sign for White, as it clearly shows that he is unsure of what to do.} ( 25.Nf4 Bg5 $1 ) 25...Bf6 $6 ( 25...h5 $1 {[%c_effect h5;square;h5;type;GreatFind;persistent;true] is a very unpleasant move to face. Black wants h5-h4 and after} 26.h4 Kh7 {There are many attacking chances on the kingside.} ) 26.Rc5 Ng6 27.Rc4 Be7 28.Qc2 h5 29.h4 {White has managed to organize his pieces.} 29...Qb8 30.Qc1 Bf6 31.Na5 ( 31.Nc5 {also possible. The computer shows many equalizing variations after} 31...Rd2 32.Nd3 $1 {[%c_effect d3;square;d3;type;GreatFind;persistent;true] For example:} 32...Rxe2 33.Ngf4 Nxf4 34.Nxf4 Bxb2 35.Nxe6+ $1 fxe6 36.Rc7+ Kf6 37.Qg5+ Ke5 38.Qf4+ Kf6 39.Qg5+ {with perpetual check.} ) 31...Qb6 $1 32.Nb3 ( 32.Nc6 {is good for Black after} 32...Rc8 ) 32...Qb8 33.Na5 Qb6 34.Nb3 Kh7 ( 34...Be5 {is the most accurate way of fighting for a win, avoiding White's next move.} ) 35.Nf4 $1 Ne5 {Black is ready to leave the h5-pawn to its fate in order to avoid the knight exchange.} ( 35...Nxf4 36.Qxf4 {is safe for White.} ) 36.Rc5 ( 36.Nxh5 Be7 $1 {[%c_effect e7;square;e7;type;GreatFind;persistent;true] leads to an unclear position. The knight will go to g4, and there's enough compensation for the sacrificed pawn.} ) 36...Qb7 $6 ( 36...Ng4 {is better:} 37.Nxh5 Be7 38.Rc6 Qa7 {with compensation.} ) 37.Nxh5 Bh8 38.Qc2 Rg8 39.Nf4 Ng6 $2 {[%c_effect g6;square;g6;type;Mistake;persistent;true] After this, all chances of compensation for the pawn fade away.} ( 39...Rgd8 ) 40.Nxg6 Rxg6 41.Rc1 {White has a winning position with a full pawn up, but many adventures lie ahead.} 41...Qb6 $6 {[%c_effect b6;square;b6;type;Inaccuracy;persistent;true] This makes things worse.} 42.Rd1 $6 ( 42.e4 $1 {[%c_effect e4;square;e4;type;GreatFind;persistent;true] is the most clearcut way of winning.} 42...f4 43.e5 $1 Kh6 44.Kh2 {Black's bishop is shut out for the game, his king is insecure, and White is a pawn up.} ) 42...Rxd1+ 43.Qxd1 Bxb2 44.Qd7 Rg7 45.e3 {The position is still much better for White, but it's not so easy to convert it.} 45...Qb8 46.Kg2 ( 46.Kf1 $1 {[%c_effect f1;square;f1;type;GreatFind;persistent;true] The king should be heading to e2, where it will feel safer.} ) 46...Qa8+ 47.Rc6 Be5 48.Qc8 $6 ( 48.Kf1 $1 ) 48...Qa7 $6 ( 48...Qxc8 {The computer shows drawing chances for Black in this endgame, although it looks a bit depressing.} 49.Rxc8 Rg8 ) 49.Rxa6 Qe7 50.Ra8 $6 ( 50.Qc5 $1 {[%c_effect c5;square;c5;type;GreatFind;persistent;true] is stronger, leading by force to a difficult endgame for Black after} 50...Bxg3 $1 51.Qxe7 $1 ( 51.fxg3 $6 Qxh4 52.Qd6 Qc4 $1 53.Nd4 Rg4 $1 54.Ra7 Rxd4 $1 55.Qxd4 Qe2+ {with perpetual check.} ) 51...Bxh4+ 52.Kf1 Bxe7 53.a5 ) 50...Rg4 $1 {[%c_effect g4;square;g4;type;GreatFind;persistent;true] All the checks are prevented.} 51.Kf1 $6 ( 51.Nd2 $1 {[%c_effect d2;square;d2;type;GreatFind;persistent;true] is the most dangerous move, preparing to bring the knight to f3.} ) 51...Qd6 $1 {[%c_effect d6;square;d6;type;GreatFind;persistent;true] The position is still very complicated, but the machine already indicates a draw with several obscure variations.} 52.Qb7 {A daring move, sacrificing a knight. Although objectively the game is still balanced, White has to find difficult moves in order to prove this evaluation. There are safer alternatives..} ( 52.Ke2 Qd5 $1 53.Nd2 Bc3 54.Qd8 Qa2 {with enough counterplay to save the game.} ) ( 52.Qd8 Qc6 $1 {[%c_effect c6;square;c6;type;GreatFind;persistent;true] is also equal.} ) 52...Qd1+ 53.Kg2 Qxb3 54.Qxf7+ Kh6 {The best chance.} ( 54...Rg7 $4 55.Qh5# ) ( 54...Bg7 $6 {[%c_effect g7;square;g7;type;Inaccuracy;persistent;true] leads to a tense position with many possible moves for White, for instance :} 55.Re8 $5 ) 55.Qf8+ $2 ( 55.Ra5 $3 {[%c_effect a5;square;a5;type;Brilliant;persistent;true] is the only way to make a draw.} 55...Bxg3 $5 ( 55...Bg7 $2 56.Rxf5 $1 {[%c_effect f5;square;f5;type;GreatFind;persistent;true] wins.} ) ( 55...Rg7 56.Qf8 Bc3 57.Qh8+ Rh7 58.Qf8+ Rg7 {with a draw.} ) 56.fxg3 Rxg3+ 57.Kxg3 Qxe3+ {with perpetual check.} ) 55...Bg7 56.Qd6 Qc4 {Black has an extra piece, and the rest is easy.} 57.Re8 b3 58.Rxe6+ Kh7 59.Qd7 b2 60.Rb6 Qe4+ 61.f3 Qc2+ 62.Kh3 b1=Q 63.Rxb1 Qxb1 64.fxg4 Qh1# 0-1

[Event "U.S. Women's Chess Championship 2023"]
[Site "Chess.com"]
[Date "2023.10.05"]
[Round "1"]
[White "Paikidze, Nazi"]
[Black "Eswaran, Ashritha"]
[Result "1-0"]
[WhiteElo "2316"]
[BlackElo "2273"]
[ECO "E01"]
[EventDate "2023.??.??"]
[Annotator "rafael"]
[PlyCount "117"]
[Beauty "6465062464080"]
[EventType "game"]
[TimeControl "5400+30"]

1.d4 Nf6 2.c4 e6 3.g3 d5 4.Nf3 h6 {A mysterious move that seeks a slightly different piece development than what we normally see against the Catalan Opening.} 5.Bg2 Bd6 {The bishop is developed on this unusual square, without Black needing to worry about the move Bc1-g5, if I understood correctly the idea of the move h7-h6.} 6.Nc3 Nc6 {Another curious move, since Black normally doesn't like to place the knight in front of the c-pawn in queen's pawn structures. The main idea here is to exchange on c4 and then play e6-e5, when Black's development starts to make sense.} 7.O-O O-O 8.Nb5 $6 {[%c_effect b5;square;b5;type;Inaccuracy;persistent;true] A rare and not very good move. 8.b3 is more common.} ( 8.b3 dxc4 9.bxc4 e5 {and here White has many different attempts to fight for an advantage.} ) 8...dxc4 9.Qc2 a6 {The best way to achieve a good position.} ( 9...e5 {was played in a high profile game, but it's not accurate.} 10.dxe5 Bxe5 11.Nxe5 Nxe5 12.Rd1 Qe7 13.b3 $1 {[%c_effect b3;square;b3;type;GreatFind;persistent;true] White had the initiative in Cheparinov-Van Foreest, ESP-chT Linares 2020.} ) 10.Nxd6 cxd6 11.Qxc4 Bd7 {Although White has the pair of bishops, Black's position is pleasant, with easy development and good control of the central squares.} 12.Bd2 {A new move.} ( 12.Bf4 Qe7 13.Rfc1 Rfc8 {with equality in Mendonca-Boyer, Sitges 2020.} ) 12...Ne7 $1 {[%c_effect e7;square;e7;type;GreatFind;persistent;true] An excellent move, freeing the c6-square for the bishop.} 13.a4 Bc6 14.Qd3 Be4 15.Qa3 Qd7 16.Bb4 Nf5 ( 16...Rfd8 {This is more flexible, since it's still not so clear that the knight should go to f5.} ) 17.Rfd1 Rfd8 ( 17...b5 $5 {[%c_effect b5;square;b5;type;Interesting;persistent;true] This is an idea that will be present during the next moves. Black opens up space on the queenside and secures the b7-square for the queen.} ) 18.Rac1 ( 18.Bf1 {is better, with the idea of playing 19.Nd2 without allowing the exchange of bishops.} ) 18...Rac8 ( 18...b5 $1 {[%c_effect b5;square;b5;type;GreatFind;persistent;true] is again the best way for Black.} ) 19.Bc3 b5 20.axb5 Qxb5 $6 {[%c_effect b5;square;b5;type;Inaccuracy;persistent;true] This is a positional mistake, as this is not the pawn formation that Black is looking for.} ( 20...axb5 $1 {[%c_effect b5;square;b5;type;GreatFind;persistent;true] leads to a slightly better position for Black.} ) 21.Bf1 $1 {[%c_effect f1;square;f1;type;GreatFind;persistent;true] White prepares Nd2 followed by e3 or f3-e4. The a6-pawn becomes a target.} 21...Qd7 $2 ( 21...Qb7 {This is the best square.} 22.Nd2 Bc6 23.e4 {Maybe Eswaran was afraid of this move, but in this case Black has excellent compensation for the exchange after} 23...Nxe4 24.Bxa6 Qd7 25.Bxc8 Rxc8 ) 22.Nd2 $1 ( 22.Qxa6 $2 {[%c_effect a6;square;a6;type;Mistake;persistent;true] is bad since the queen is in danger after} 22...Ra8 23.Qc4 Rdc8 24.Qb3 Rcb8 ) 22...Bb7 23.Ba5 ( 23.d5 $5 {[%c_effect d5;square;d5;type;Interesting;persistent;true] poses some interesting tactical problems.} 23...Nxd5 24.Ba5 Nc7 {Forced, otherwise White forks the knights with e2-e4.} 25.e4 Nd4 26.Qb4 Ndb5 27.Nc4 {with a dangerous position for Black. The pawn is more than compensated.} ) 23...Rxc1 24.Rxc1 Rc8 25.Rxc8+ Qxc8 26.Qc3 {White tries to exchange queens and go to an endgame in which the presence of the bishop pair guarantees lasting pressure.} 26...Qd7 27.e3 Qa4 $2 {[%c_effect a4;square;a4;type;Mistake;persistent;true] This activity backfires since it allows White's queen to create more dangerous threats.} ( 27...Ne7 {is more prudent. White has a slightly better endgame after} 28.Qc7 Qxc7 29.Bxc7 Ne8 ) 28.b3 $2 ( 28.Qc7 $1 {[%c_effect c7;square;c7;type;GreatFind;persistent;true] is better. Black's compensation for the pawn is not enough after} 28...Bd5 29.Qc8+ Kh7 30.Qxa6 ) 28...Qa2 29.Qc7 Bd5 30.g4 $5 {[%c_effect g4;square;g4;type;Interesting;persistent;true] A courageous move.} ( 30.Qc8+ Kh7 31.Qxa6 {Now Black has enough activity for a draw.} 31...Ne4 32.Bb4 Qxa6 33.Bxa6 Nxd2 34.Bxd2 Bxb3 ) 30...Nxg4 ( 30...Nh4 {is safer:} 31.Qd8+ Kh7 32.Bd3+ Ng6 {with equality.} ) 31.e4 {This is the idea of the previous move.} 31...Nxd4 $2 {[%c_effect d4;square;d4;type;Mistake;persistent;true] A miscalculation that decides the game.} ( 31...Bxe4 $1 32.Nxe4 Nxd4 {The position is totally chaotic and anything can happen.} ) 32.exd5 Nf3+ 33.Kg2 ( {Of course not} 33.Nxf3 $4 Qxf2+ ) 33...Nxd2 34.Bd3 {The attack on the king by the bishop pair is too strong. The a5-bishop is currently out of play, but is ready to go to c3 if needed.} ( 34.Qc8+ Kh7 35.Bd3+ {also leads to a win.} ) 34...f5 ( 34...Ne4 $5 {[%c_effect e4;square;e4;type;Interesting;persistent;true] is an attempt to complicate the game, but White wins the endgame after} 35.Qc8+ Kh7 36.Bxe4+ f5 37.Bxf5+ $1 exf5 38.Qxf5+ Kg8 ( 38...Kh8 39.Qf8+ Kh7 40.Bc3 ) 39.Qxg4 Qxa5 40.Qe6+ Kh7 41.Qxd6 {The d-pawn decides the game.} ) 35.dxe6 ( 35.Bc3 {is the simplest way to win.} 35...Ne3+ 36.Kh3 ) 35...Ne3+ $1 36.fxe3 ( 36.Kh3 $2 {[%c_effect h3;square;h3;type;Mistake;persistent;true] is not good now:} 36...Ne4 $1 37.Bxe4 Qxf2 {Black surprisingly escapes.} ) 36...Ne4+ 37.Bc2 Kh7 38.e7 ( 38.Bd2 $1 {[%c_effect d2;square;d2;type;GreatFind;persistent;true] is a strong computer move to avoid Black's following move.} ) 38...Nc5 $1 39.e8=Q Qxc2+ 40.Kh3 Qd3 {This is the most interesting position in the whole game. Three queens on the board and Black is threatening perpetual check with 41...Qf1+. There's only one winning move.} 41.Kh4 $3 {[%c_effect h4;square;h4;type;Brilliant;persistent;true] Paikidze finds it. The king moves away before the check.} 41...Qc2 ( 41...Qe2 {Here White has time to execute a mating combination, since the queen no longer controls the c3-square.} 42.Qxg7+ $1 Kxg7 43.Bc3+ Kh7 44.Qf7# ) 42.Qxd6 {There's no perpetual check and the game is over.} 42...f4 43.Qd2 Qf5 44.exf4 ( 44.Qe7 {is also good.} ) 44...Ne4 45.Qxe4 {The simplest method to convert the advantage.} 45...Qxe4 46.Kg3 Qg6+ 47.Kf2 Qh5 48.Ke1 Qf3 49.Bc3 Qh1+ 50.Ke2 Qxh2+ 51.Kd1 Qh1+ 52.Kc2 Qc6 53.Qd3+ Kh8 54.Kb2 Qe6 55.f5 Qb6 56.Qg3 Qa7 57.f6 gxf6 58.Bxf6+ Kh7 59.Qd3+ 1-0